 Dungeon Crawl Stone Soup version 0.28.0-45-g0d030f2227 (webtiles) character file.

Game seed: 707706872340641140

12456 UnkleBill the Martial Artist (level 11, -18/89 HPs)
             Began as a Gnoll Wanderer on Apr 20, 2022.
             Was a Priest of Qazlal.
             Demolished by an ice devil (25 damage)
             ... on level 11 of the Dungeon.
             The game lasted 00:55:57 (13396 turns).

UnkleBill the Martial Artist (Gnoll Wanderer)      Turns: 13396, Time: 00:55:58

Health: -18/89     AC: 25    Str: 18    XL:     11   Next: 93%
Magic:  21/21      EV: 14    Int: 12    God:    Qazlal [***...]
Gold:   327        SH: 10    Dex: 19    Spells: 14/23 levels left

rFire   + . .      SeeInvis .   J - +8 dagger "Vahis" {elec, rF+ rC- Will+ rCorr}
rCold   x . .      Faith    .   o - +0 buckler
rNeg    . . .      Spirit   .   z - +5 ring mail "Uwkab" {Str+6 Dex+4}
rPois   .          Reflect  .   R - +2 helmet
rElec   .          Harm     .   G - +1 cloak
rCorr   +          Rampage  .   (no gloves)
Will    +....                   (no boots)
Stlth   ++........              E - amulet of the acrobat
HPRegen 0.24/turn               f - +4 ring of protection
MPRegen 0.17/turn               e - +4 ring of protection

@: no status effects
A: fangs 1, strong nose, distributed training
a: Renounce Religion, Upheaval, Elemental Force


You were on level 11 of the Dungeon.
You worshipped Qazlal.
Qazlal was most pleased with you.
You visited 1 branch of the dungeon, and saw 11 of its levels.
You also visited: Bailey.

You collected 579 gold pieces.
You spent 252 gold pieces at shops.

Inventory:

Hand Weapons
 a - a +0 dagger
 l - a +2 short sword of electrocution
 q - a +1 short sword of speed
 s - a +1 hunting sling of freezing
 t - a +0 vorpal hand axe
 w - a +2 whip of electrocution
 y - a +1 flail of protection
 I - the +10 war axe "Teaphi" {venom, rPois}
   (You found it on level 6 of the Dungeon)

   It poisons the flesh of those it strikes.
   rPois:     It protects you from poison.
 J - the +8 dagger "Vahis" (weapon) {elec, rF+ rC- Will+ rCorr}
   (You found it on level 7 of the Dungeon)

   It occasionally discharges a powerful burst of electricity upon striking a
   foe.
   rF:        It protects you from fire.
   rC:        It makes you vulnerable to cold.
   rCorr:     It protects you from acid and corrosion.
   Will:      It increases your willpower.
 M - a +0 flail
Missiles
 n - a curare-tipped dart
 x - 6 poisoned darts
 B - 15 boomerangs (quivered)
Armour
 d - a +0 robe
 m - a +1 ring mail
 o - a +0 buckler (worn)
 z - the +5 ring mail "Uwkab" (worn) {Str+6 Dex+4}
   (You found it on level 4 of the Dungeon)

   Str:       It affects your strength (+6).
   Dex:       It affects your dexterity (+4).
 F - +0 steam dragon scales
 G - a +1 cloak (worn)
 L - a +0 pair of gloves
 R - a +2 helmet (worn)
Jewellery
 e - a +4 ring of protection (right hand)
 f - a +4 ring of protection (left hand)
 k - a ring of magical power
 C - an amulet of magic regeneration
 E - an amulet of the acrobat (around neck)
 S - a ring of magical power
Wands
 g - a wand of paralysis (3)
 D - a wand of flame (43)
Scrolls
 b - a scroll of fear
 c - 4 scrolls of fog
 r - 4 scrolls of teleportation
 v - 2 scrolls of enchant weapon {unknown}
 H - a scroll of vulnerability
 N - 2 scrolls of blinking
 O - a scroll of magic mapping
 P - 2 scrolls of identify
Potions
 h - 2 potions of lignification
 i - 2 potions of attraction
 j - a potion of cancellation
 p - a potion of curing
 u - 4 potions of brilliance
 A - a potion of might {unknown}
 K - a potion of berserk rage
 Q - 2 potions of flight


   Skills:
 + Level 9.5 Fighting
 + Level 6.7 Short Blades
 + Level 6.7 Long Blades
 + Level 6.7 Axes
 + Level 6.7 Maces & Flails
 + Level 6.7 Polearms
 + Level 6.7 Staves
 + Level 6.7 Slings
 + Level 6.7 Bows
 + Level 6.7 Crossbows
 + Level 6.7 Throwing
 + Level 7.3 Armour
 + Level 6.7 Dodging
 + Level 6.7 Stealth
 + Level 6.7 Shields
 + Level 10.9 Unarmed Combat
 + Level 6.7 Spellcasting
 + Level 5.6 Conjurations
 + Level 5.6 Hexes
 + Level 5.6 Summonings
 + Level 5.6 Necromancy
 + Level 5.6 Translocations
 + Level 5.6 Transmutations
 + Level 5.6 Fire Magic
 + Level 5.6 Ice Magic
 + Level 5.6 Air Magic
 + Level 5.6 Earth Magic
 + Level 5.6 Poison Magic
 + Level 8.8 Invocations
 + Level 6.7 Evocations


You had 14 spell levels left.
You knew the following spells:

 Your Spells              Type           Power      Damage    Failure   Level
a - Beastly Appendage     Tmut           34%        N/A       3%          1
b - Gell's Gravitas       Tloc           17%        N/A       11%         3
c - Teleport Other        Tloc           17%        N/A       11%         3
d - Poisonous Vapours     Pois/Air       34%        N/A       5%          2

Your spell library contained the following spells:

 Spells                   Type           Power      Damage    Failure   Level
 Sting                    Tmut/Pois      68%        1d6       3%          1
 Wereblood                Tmut           17%        N/A       5%          2
 Lesser Beckoning         Tloc           17%        N/A       11%         3
 Spider Form              Tmut/Pois      17%        N/A       11%         3
 Olgreb's Toxic Radiance  Pois           17%        N/A       34%         4


Dungeon Overview and Level Annotations

Branches:
Dungeon (11/15)            Temple (0/1) D:6            Lair (0/6) D:11
 Bailey (visited)
    Orc: D:9-12

Altars:
Kikubaaqudgha
Makhleb
Qazlal
Ru
Sif Muna
Trog
Wu Jian
Yredelemnul
Zin
The Shining One

Shops:
D:1 :

Portals:
Ice
Cave: D:11


Innate Abilities, Weirdness & Mutations

You have very sharp teeth.
Your uncanny sense of smell can sniff out nearby items.
Your experience applies equally to all skills.


Message History

Lightning courses through the basilisk!!
You kill the basilisk!
Qazlal accepts your kill.
S - a ring of magical power You open the door.
An ice devil comes into view. x2
Found a frozen archway.
There is an open door here.
Aiming: Throw Flame
Press: ? - help, Shift-Dir - straight line, f - ice devil
Aim: an ice devil (74% to hit)
The puff of flame hits the ice devil!
The ice devil is burned terribly!
The ice devil is moderately wounded.
You hit the ice devil.
Lightning courses through the ice devil!
You bite the ice devil, but do no damage.
The ice devil is heavily wounded.
You hit the ice devil but do no damage.
The ice devil is heavily wounded.
The ice devil barely misses you.
You barely miss the ice devil.
The ice devil is heavily wounded.
You puncture the ice devil!
The ice devil is severely wounded.
You hear the loud crackling of a melting archway very nearby.
The ice devil closely misses you.
The ice devil hits you but does no damage.
You completely miss the ice devil.
The ice devil is severely wounded.
The ice devil closely misses you. The ice devil hits you!
The ice devil freezes you!!
You feel a terrible chill!
* * * LOW HITPOINT WARNING * * *
You block the ice devil's attack. The ice devil hits you.
* * * LOW HITPOINT WARNING * * *
The ice devil freezes you!!
You feel a terrible chill!
* * * LOW HITPOINT WARNING * * *
You feel better. You block the ice devil's attack. The ice devil hits you!
* * * LOW HITPOINT WARNING * * *
The ice devil freezes you!!
You feel a terrible chill!
You die...

####.#.)# ...
#.......## ###.#)##
... #.........
#......# ..
####....## #.#.#..#
.# #........
###.#.#)## ##.##
#.#......
.........# #...#
#.##...##
###.#.#..###'#+####
#...##
#.#.#.#.44.....#
#..... # #
#.#☼@....#.# #...##
#.#.......... .. ..
###......#.## ##.
## #......#.#
#..###.# # ∆ ....
.# ..... .# ....#


You could see 2 ice devils.

Vanquished Creatures
  5 two-headed ogres
  An orc knight (Bailey)
  A cyclops (D:11)
  A manticore (D:11)
  A komodo dragon (D:9)
  2 trolls
  A hornet (D:11)
  Sigmund (D:4)
  A wyvern (D:8)
  A basilisk (D:11)
  13 yaks
  A steam dragon (D:5)
  2 wargs (D:11)
  2 acid dragons
  The ghost of KittyFluff the Cudgeller, an amateur GrBe of Trog (D:3)
  2 black bears
  9 orc warriors
  An ogre (D:6)
  A hornet zombie (D:5)
  3 necrophages
  4 centaurs
  A phantom (D:6)
  3 bullfrogs
  A gnoll sergeant (D:8)
  2 scorpions
  A water moccasin skeleton (D:4)
  12 killer bees
  A vampire bat (D:9)
  9 wights
  2 howler monkeys (D:6)
  9 orc priests
  3 centaur zombies
  2 hounds
  A jelly (D:8)
  Crazy Yiuf (D:3)
  3 iguanas
  3 orc wizards (D:11)
  Ijyb (D:3)
  A hound skeleton (D:7)
  8 gnolls
  3 adders
  A white imp (D:6)
  An ufetubus (D:4)
  2 worms
  A dart slug (D:2)
  25 orcs
  7 ball pythons
  6 bats
  2 bat skeletons (D:9)
  2 bat zombies (D:9)
  6 endoplasms
  2 giant cockroaches
  8 goblins
  6 hobgoblins
  12 jackals
  23 kobolds
  3 quokkas
  3 frilled lizards
  5 rats
236 creatures vanquished.

Vanquished Creatures (others)
  An orc wizard (D:9)
1 creature vanquished.

Grand Total: 237 creatures vanquished

Notes
Turn   | Place    | Note
-------+----------+-------------------------------------------
     0 | D:1      | UnkleBill the Gnoll Wanderer began the quest for the Orb.
     0 | D:1      | UnkleBill set off with the following items: a +0 dagger, a
                  | scroll of fear, 2 scrolls of fog, a +0 robe, a potion of
                  | heal wounds
     0 | D:1      | Reached XP level 1. HP: 23/23 MP: 3/3
    19 | D:1      | Found Poureeza's Book Boutique.
   206 | D:1      | Reached XP level 2. HP: 28/29 MP: 5/5
   619 | D:1      | Reached XP level 3. HP: 35/35 MP: 6/6
  1290 | D:2      | Reached skill level 1 in Short Blades
  1290 | D:2      | Reached skill level 1 in Long Blades
  1290 | D:2      | Reached skill level 1 in Axes
  1290 | D:2      | Reached skill level 1 in Maces & Flails
  1290 | D:2      | Reached skill level 1 in Polearms
  1290 | D:2      | Reached skill level 1 in Staves
  1290 | D:2      | Reached skill level 1 in Slings
  1290 | D:2      | Reached skill level 1 in Bows
  1290 | D:2      | Reached skill level 1 in Crossbows
  1290 | D:2      | Reached skill level 1 in Throwing
  1290 | D:2      | Reached skill level 1 in Dodging
  1290 | D:2      | Reached skill level 1 in Stealth
  1290 | D:2      | Reached skill level 1 in Shields
  1290 | D:2      | Reached skill level 1 in Spellcasting
  1290 | D:2      | Reached skill level 1 in Evocations
  1290 | D:2      | Reached XP level 4. HP: 15/41 MP: 7/7
  1792 | D:2      | Found a faded altar of an unknown god.
  2002 | D:2      | Reached skill level 1 in Conjurations
  2002 | D:2      | Reached skill level 1 in Hexes
  2002 | D:2      | Reached skill level 1 in Summonings
  2002 | D:2      | Reached skill level 1 in Necromancy
  2002 | D:2      | Reached skill level 1 in Translocations
  2002 | D:2      | Reached skill level 1 in Transmutations
  2002 | D:2      | Reached skill level 1 in Fire Magic
  2002 | D:2      | Reached skill level 1 in Ice Magic
  2002 | D:2      | Reached skill level 1 in Air Magic
  2002 | D:2      | Reached skill level 1 in Earth Magic
  2002 | D:2      | Reached skill level 1 in Poison Magic
  2398 | D:3      | Noticed Ijyb
  2406 | D:3      | Paralysed by something for 5 turns
  2415 | D:3      | Paralysed by something for 6 turns
  2424 | D:3      | Killed Ijyb
  2425 | D:3      | Reached XP level 5. HP: 41/47 MP: 8/8
  3306 | D:3      | Found a runed translucent door.
  3307 | D:3      | Noticed Crazy Yiuf
  3448 | D:3      | Found a runed translucent gate.
  3448 | D:3      | Found a runed translucent gate.
  3448 | D:3      | Found a runed translucent gate.
  3459 | D:3      | Noticed KittyFluff's ghost (amateur GrBe)
  3633 | D:3      | Reached skill level 5 in Invocations
  3712 | D:4      | Reached XP level 6. HP: 53/53 MP: 9/9
  3803 | D:4      | Identified the +5 ring mail "Uwkab" {Str+6 Dex+4}
  3941 | D:4      | Noticed Sigmund
  3951 | D:4      | Killed Sigmund
  3952 | D:4      | Reached XP level 7. HP: 42/59 MP: 10/10
  4070 | D:4      | Found an ornate altar of the Wu Jian Council.
  4279 | D:4      | Found a sacrificial altar of Ru.
  4858 | D:5      | Entered Level 5 of the Dungeon
  5136 | D:5      | Found a glowing silver altar of Zin.
  5335 | D:5      | Reached skill level 9 in Unarmed Combat
  5413 | D:5      | Noticed a steam dragon
  5422 | D:5      | Killed a steam dragon
  5423 | D:5      | Reached XP level 8. HP: 61/67 MP: 12/12
  5907 | D:3      | Killed KittyFluff's ghost
  6132 | D:3      | Killed Crazy Yiuf
  6543 | D:1      | Bought a book of Changes for 252 gold pieces
  6545 | D:1      | Learned a level 1 spell: Beastly Appendage
  6549 | D:1      | Learned a level 3 spell: Gell's Gravitas
  6553 | D:1      | Learned a level 3 spell: Teleport Other
  6855 | D:6      | Found a staircase to the Ecumenical Temple.
  6971 | D:6      | Identified the +10 war axe "Teaphi" {venom, rPois}
  7030 | D:6      | Reached XP level 9. HP: 73/73 MP: 14/14
  7576 | D:7      | Found a flagged portal.
  7596 | D:7      | Learned a level 2 spell: Poisonous Vapours
  7641 | D:7      | Identified the +8 dagger "Vahis" {elec, rF+ rC- Will+
                  | rCorr}
  7675 | D:7      | Noticed a troll
  7693 | D:7      | Killed a troll
  7857 | D:7      | Found a stormy altar of Qazlal.
  7871 | D:7      | Became a worshipper of Qazlal Stormbringer
  7898 | Bailey   | Entered a bailey
  7928 | Bailey   | Noticed an orc knight
  7962 | Bailey   | Killed an orc knight
  7963 | Bailey   | Reached skill level 5 in Armour
  8177 | Bailey   | Noticed an orc knight
  8323 | Bailey   | Noticed an orc knight
  8867 | D:7      | Found a burning altar of Makhleb.
  8943 | D:8      | Reached * piety under Qazlal
  8944 | D:8      | Reached XP level 10. HP: 47/78 MP: 17/17
  9679 | D:8      | Reached skill level 5 in Short Blades
  9679 | D:8      | Reached skill level 5 in Long Blades
  9679 | D:8      | Reached skill level 5 in Axes
  9679 | D:8      | Reached skill level 5 in Maces & Flails
  9679 | D:8      | Reached skill level 5 in Polearms
  9679 | D:8      | Reached skill level 5 in Staves
  9679 | D:8      | Reached skill level 5 in Slings
  9679 | D:8      | Reached skill level 5 in Bows
  9679 | D:8      | Reached skill level 5 in Crossbows
  9679 | D:8      | Reached skill level 5 in Throwing
  9679 | D:8      | Reached skill level 5 in Dodging
  9679 | D:8      | Reached skill level 5 in Stealth
  9679 | D:8      | Reached skill level 5 in Shields
  9679 | D:8      | Reached skill level 5 in Spellcasting
  9679 | D:8      | Reached skill level 5 in Evocations
  9815 | D:8      | Reached skill level 10 in Unarmed Combat
 10112 | D:8      | Noticed a two-headed ogre
 10537 | D:8      | Killed a two-headed ogre
 10736 | D:9      | Found a glowing golden altar of the Shining One.
 11080 | D:9      | Found a basalt altar of Yredelemnul.
 11082 | D:9      | Found a shimmering blue altar of Sif Muna.
 11165 | D:9      | Reached ** piety under Qazlal
 11339 | D:9      | Found an ancient bone altar of Kikubaaqudgha.
 11528 | D:10     | Entered Level 10 of the Dungeon
 11559 | D:10     | Found a bloodstained altar of Trog.
 11681 | D:10     | Reached XP level 11. HP: 48/87 MP: 19/19
 12067 | D:10     | Reached skill level 5 in Conjurations
 12067 | D:10     | Reached skill level 5 in Hexes
 12067 | D:10     | Reached skill level 5 in Summonings
 12067 | D:10     | Reached skill level 5 in Necromancy
 12067 | D:10     | Reached skill level 5 in Translocations
 12067 | D:10     | Reached skill level 5 in Transmutations
 12067 | D:10     | Reached skill level 5 in Fire Magic
 12067 | D:10     | Reached skill level 5 in Ice Magic
 12067 | D:10     | Reached skill level 5 in Air Magic
 12067 | D:10     | Reached skill level 5 in Earth Magic
 12067 | D:10     | Reached skill level 5 in Poison Magic
 12788 | D:11     | Noticed a two-headed ogre
 12807 | D:11     | Killed a two-headed ogre
 12885 | D:11     | Noticed a two-headed ogre
 12897 | D:11     | Killed a two-headed ogre
 13046 | D:11     | Found a staircase to the Lair.
 13123 | D:11     | Noticed a manticore
 13135 | D:11     | Killed a manticore
 13148 | D:11     | Noticed a cyclops
 13192 | D:11     | Noticed a two-headed ogre
 13216 | D:11     | Killed a two-headed ogre
 13247 | D:11     | Killed a cyclops
 13338 | D:11     | Noticed a two-headed ogre
 13350 | D:11     | Killed a two-headed ogre
 13364 | D:11     | Reached *** piety under Qazlal
 13385 | D:11     | Found a frozen archway.
 13396 | D:11     | Demolished by an ice devil

Illustrated notes

Levels and vault maps discovered:
D:1:      nicolae_arrival_memento_mori, layout_loops_ring, serial_shops, shop,
          feat_on_display
D:2:      layout_loops_ring, chequers_ecumenical_altar_simple_redux
D:3:      layout_basic, ebering_ghost_rock_garden,
          ebering_dispersal_statue_hall, uniq_crazy_yiuf_cottage, uniq_ijyb
D:4:      layout_loops_ring, general_overflow_altar, kennysheep_mini_moat,
          st_stairs_8, uniq_sigmund
D:5:      layout_basic, mainiacjoe_overflow_surrounded_room, serial_rivers,
          chequers_serial_rivers_micro_d, chequers_serial_rivers_marsh,
          chequers_serial_rivers_micro_d, chequers_serial_rivers_small_a,
          chequers_serial_rivers_micro_c, amcnicky_mini_corridor_feature
D:6:      layout_basic, minmay_temple_entry_steel_oval, uniq_maggie
D:7:      layout_rooms, makhleb_blood_cavern_becter,
          mainiacjoe_overflow_small_starburst, enter_bailey_2
D:8:      layout_basic
D:9:      layout_irregular_city, jmf_multi_god_temple,
          kennysheep_vampire_church, mainiacjoe_overflow_catwalk
D:10:     layout_loops_ring, marbit_many_paths
D:11:     layout_basic, erik_lair_orcish_takeover, portal_ice_cave_demonic_guard

Skill      XL: |  1  2  3  4  5  6  7  8  9 10 11 |
---------------+----------------------------------+-----
Short Blades   | 1 2 3 4 5 6 |  6.7
Long Blades    | 1 2 3 4 5 6 |  6.7
Axes           | 1 2 3 4 5 6 |  6.7
Maces & Flails | 1 2 3 4 5 6 |  6.7
Polearms       | 1 2 3 4 5 6 |  6.7
Staves         | 1 2 3 4 5 6 |  6.7
Slings         | 1 2 3 4 5 6 |  6.7
Bows           | 1 2 3 4 5 6 |  6.7
Crossbows      | 1 2 3 4 5 6 |  6.7
Throwing       | 1 2 3 4 5 6 |  6.7
Dodging        | 1 2 3 4 5 6 |  6.7
Stealth        | 1 2 3 4 5 6 |  6.7
Shields        | 1 2 3 4 5 6 |  6.7
Spellcasting   | 1 2 3 4 5 6 |  6.7
Evocations     | 1 2 3 4 5 6 |  6.7
Conjurations   | 1 2 3 4 5 |  5.6
Hexes          | 1 2 3 4 5 |  5.6
Summonings     | 1 2 3 4 5 |  5.6
Necromancy     | 1 2 3 4 5 |  5.6
Translocations | 1 2 3 4 5 |  5.6
Transmutations | 1 2 3 4 5 |  5.6
Fire Magic     | 1 2 3 4 5 |  5.6
Ice Magic      | 1 2 3 4 5 |  5.6
Air Magic      | 1 2 3 4 5 |  5.6
Earth Magic    | 1 2 3 4 5 |  5.6
Poison Magic   | 1 2 3 4 5 |  5.6
Armour         | 3 4 5 6 7 |  7.3
Invocations    | 5 6 7 8 |  8.8
Fighting       | 7 8 9 |  9.5
Unarmed Combat | 9 10 | 10.9

Action                   |  1- 3 |  4- 6 |  7- 9 | 10-12 || total
-------------------------+-------+-------+-------+-------++-------
Melee: Unarmed           |    88 |   137 |   250 |   300 ||   775
       Bite              |     5 |    17 |    38 |    77 ||   137
       Punch             |     2 |       |       |       ||     2
       Kick              |       |       |    12 |     6 ||    18
       Headbutt          |       |       |     1 |     2 ||     3
       Dagger            |       |       |       |   162 ||   162
Throw: Dart              |       |    11 |    28 |    15 ||    54
       Throwing net      |       |     1 |     1 |       ||     2
       Boomerang         |       |       |    12 |       ||    12
 Cast: Gell's Gravitas   |       |       |     2 |     5 ||     7
       Beastly Appendage |       |       |     2 |     1 ||     3
       Poisonous Vapours |       |       |     3 |     3 ||     6
       Teleport Other    |       |       |       |     1 ||     1
Evoke: Wand              |       |       |       |    14 ||    14
  Use: Scroll            |       |     5 |     6 |     1 ||    12
       Potion            |       |     2 |     1 |     5 ||     8
 Stab: Distracted        |     1 |       |     1 |       ||     2
       Sleeping          |       |     1 |     4 |       ||     5
       Held in net/web   |       |       |     3 |       ||     3
       Paralysed         |       |       |       |     8 ||     8
Armor: Robe              |    21 |       |       |       ||    21
       Ring mail         |    14 |    55 |    88 |   138 ||   295
Dodge: Dodged            |    47 |    65 |   114 |   220 ||   446
Block: Buckler           |     4 |    25 |    69 |   158 ||   256
